 Dungeon Crawl Stone Soup version 0.14.2 (webtiles) character file.

357 Tiareth the Charmwright (level 5, -1/36 HPs)
             Began as a High Elf Skald on June 17, 2018.
             Slain by a green rat (9 damage)
             ... in a sewer.
             The game lasted 00:13:00 (3125 turns).

Tiareth the Charmwright (High Elf Skald)            Turns: 3125, Time: 00:13:01

HP  -1/36        AC  3     Str 12      XL: 5   Next: 55%
MP  14/14        EV 11     Int 15      God:
Gold 149         SH  0     Dex 15      Spells:  4 memorised,  2 levels left

rFire  . . .     SeeInvis .     a - +1,+0 falchion
rCold  . . .     Clarity  .     b - +0 leather armour
rNeg   . . .     Conserve .     (no shield)
rPois  .         rCorr    .     (no helmet)
rElec  .         rRot     .     (no cloak)
SustAb . .       Spirit   .     (no gloves)
rMut   .         Warding  .     (no boots)
Saprov . . .     Stasis   .     (no amulet)
MR     .....                    (no ring)
                                (no ring)

@: not resistant to hostile enchantments, very unstealthy
A: no striking features
a: no special abilities


You were in a sewer.
You were hungry.

You visited 1 branch of the dungeon, and saw 3 of its levels.
You also visited: Sewer.

You collected 149 gold pieces.

Inventory:

Hand weapons
 a - a +1,+0 falchion (weapon)
Missiles
 k - 52 arrows
Armour
 b - a +0 leather armour (worn)
Comestibles
 d - 3 bread rations
 l - 14 grapes
 m - a rotting chunk of giant gecko flesh
 p - a choko
 s - a rotting chunk of rat flesh
 u - 2 rotting chunks of hobgoblin flesh
 v - a chunk of rat flesh
Scrolls
 i - a scroll of fear
 j - a scroll of remove curse
 o - a scroll of teleportation
Potions
 e - a potion of flight
 g - a potion of resistance {unknown}
 n - a potion of cure mutation {unknown}
 q - 2 potions of poison {unknown}
 r - 2 potions of heal wounds {unknown}
Books
 c - a book of Battle

   Spells                             Type                      Level
   *Infusion                          Charms                       1
   *Shroud of Golubria                Charms/Translocation         2
   *Song of Slaying                   Charms                       2
   Spectral Weapon                    Hexes/Charms                 3
   *Regeneration                      Charms/Necromancy            3


   Skills:
 + Level 2.9 Fighting
 + Level 3.0 Long Blades
 + Level 1.6 Armour
 + Level 2.1 Dodging
 + Level 3.3 Spellcasting
 * Level 5.0 Charms
 + Level 0.7 Necromancy
 + Level 1.3 Translocations


You had 2 spell levels left.
You knew the following spells:

 Your Spells              Type           Power        Failure   Level  Hunger
a - Infusion              Chrm           ###...       2%          1    None
b - Song of Slaying       Chrm           ###.....     4%          2    ##.....
c - Shroud of Golubria    Chrm/Tloc      ##........   12%         2    ##.....
d - Regeneration          Chrm/Necr      ##........   21%         3    ###....


Dungeon Overview and Level Annotations

Branches:
Dungeon (3/15)

Altars:


Message History

You closely miss the green rat.
The green rat is almost dead.
The green rat splashes around in the water.
The rat bites you but does no damage.
The green rat bites you but does no damage.
The green rat bites you.
* * * LOW HITPOINT WARNING * * *
The rat bites you but does no damage.
Drink which item? (? for menu, Esc to quit)
You feel better. The green rat bites you!
* * * LOW HITPOINT WARNING * * *
The green rat misses you. The rat bites you.
* * * LOW HITPOINT WARNING * * *
The green rat barely misses you.
The green rat splashes around in the water.
Your song is almost over.
The green rat twitches its whiskers.
Your song has ended.
The green rat bites you!
You die...

########################
##....≈≈≈≈≈≈≈≈≈≈≈≈≈≈≈≈≈.#
#.....≈≈≈≈≈≈≈≈≈≈≈≈≈≈≈≈≈..
#..∩..≈≈≈≈≈≈≈≈≈≈≈≈≈≈≈≈≈..
#..∩.≈≈≈@≈≈r≈≈r≈≈≈≈≈≈≈≈..
#.....≈≈≈r≈rr≈≈≈≈≈≈≈≈≈...
##...≈≈≈≈≈≈≈≈≈≈≈≈≈≈≈≈r≈..
#######################.


You could see 2 green rats and 3 rats.

Vanquished Creatures
  The ghost of Tiareth the Magician, an average DEWz (D:3)
  A gnoll (D:1)
  A green rat (D:3)
  2 adders
  2 giant mites
  4 giant geckos
  3 bats
  4 giant cockroaches
  8 goblins
  3 hobgoblins
  4 jackals (D:3)
  A ball python (D:3)
  6 giant newts
  8 kobolds
  5 rats
53 creatures vanquished.

Notes
Turn   | Place    | Note
--------------------------------------------------------------
     0 | D:1      | Tiareth, the High Elf Skald, began the quest for the Orb.
     0 | D:1      | Reached XP level 1. HP: 14/14 MP: 4/4
    36 | D:1      | Reached skill level 1 in Armour
   378 | D:1      | Reached XP level 2. HP: 14/19 MP: 1/6
   390 | D:1      | Learned a level 2 spell: Song of Slaying
   393 | D:1      | Learned a level 2 spell: Shroud of Golubria
   820 | D:1      | Reached skill level 4 in Charms
  1307 | D:2      | Reached XP level 3. HP: 23/25 MP: 0/8
  1777 | D:2      | Learned a level 3 spell: Regeneration
  2644 | D:3      | Reached XP level 4. HP: 27/30 MP: 8/12
  2763 | D:3      | Noticed Tiareth's ghost (average DEWz)
  2773 | D:3      | Killed Tiareth's ghost
  2773 | D:3      | Reached skill level 1 in Translocations
  2773 | D:3      | Reached XP level 5. HP: 31/36 MP: 8/14
  2918 | D:3      | Reached skill level 5 in Charms
  2937 | D:3      | Found a glowing drain.
  2945 | Sewer    | Entered a sewer
  3125 | Sewer    | Slain by a green rat

Action                   |  1- 3 |  4- 6 || total
-------------------------+-------+-------++-------
Melee: Falchion          |   115 |    74 ||   189
 Cast: Infusion          |    24 |     3 ||    27
       Shroud of Golubri |    16 |     7 ||    23
       Regeneration      |       |     2 ||     2
       Song of Slaying   |       |     2 ||     2
  Use: Scroll            |     5 |     1 ||     6
       Potion            |       |     3 ||     3
 Stab: Sleeping          |     2 |       ||     2
